 Dungeon Crawl Stone Soup version 0.18.1-48-g4cf74bf (webtiles) character file.

81 Alarkh the Poker (level 4, -1/33 HPs)
             Began as a Mummy Skald on July 31, 2016.
             Was an Initiate of Pakellas.
             Killed from afar by an orc wizard (11 damage)
             ... with a magic dart
             ... on level 2 of the Dungeon.
             The game lasted 00:03:34 (1976 turns).

Alarkh the Poker (Mummy Skald)                      Turns: 1976, Time: 00:03:35

Health: -1/33      AC:  4    Str: 15    XL:     4   Next: 19%
Magic:  0/7        EV: 11    Int: 12    God:    Pakellas [......]
Gold:   132        SH:  0    Dex: 14    Spells: 1 memorised, 6 levels left

rFire  x . .     SeeInvis .     a - +0 spear
rCold  + . .     Gourm    .     b - +0 leather armour
rNeg   + + +     Faith    .     (no shield)
rPois  ∞         Spirit   .     (no helmet)
rElec  .         Dismiss  .     (no cloak)
rCorr  .         Reflect  .     (no gloves)
SustAt .         Harm     .     j - +0 pair of boots
MR     .....                    (no amulet)
Stlth  +.........               (no ring)
                                k - +3 ring of dexterity

@: infused (expiring), not resistant to hostile enchantments, very unstealthy
A: no food or potions, fire vulnerability, cold resistance 1, negative energy
resistance 3, torment resistance, unbreathing
a: Renounce Religion


You were on level 2 of the Dungeon.
You worshipped Pakellas.
Pakellas was noncommittal.
You were not hungry.

You visited 1 branch of the dungeon, and saw 3 of its levels.

You collected 132 gold pieces.

Inventory:

Hand Weapons
 a - a +0 spear (weapon)
Armour
 b - a +0 leather armour (worn)
 j - a +0 pair of boots (worn)
 n - a +4 ring mail
Jewellery
 k - a +3 ring of dexterity (left hand)
Wands
 m - a wand of paralysis (16/24)
Scrolls
 d - a scroll of identify
 e - a scroll of magic mapping
 f - a scroll of noise
 g - 3 scrolls of teleportation
 h - a scroll of fog {unknown}
 i - 2 scrolls of remove curse {unknown}
 l - a scroll of enchant armour {unknown}
Books
 c - a book of Battle

   Spells                             Type                      Level
   a - Infusion                       Charms                       1
   b - Shroud of Golubria             Charms/Translocation         2
   c - Song of Slaying                Charms                       2
   d - Spectral Weapon                Hexes/Charms                 3
   e - Regeneration                   Charms/Necromancy            3


   Skills:
 - Level 2.0 Fighting
 + Level 3.7 Polearms
 - Level 0.7 Armour
 - Level 0.7 Dodging
 - Level 2.0 Spellcasting
 - Level 2.4 Charms


You had 6 spell levels left.
You knew the following spells:

 Your Spells              Type           Power        Failure   Level  Hunger
a - Infusion              Chrm           #...         14%         1    N/A

Dungeon Overview and Level Annotations

Branches:
Dungeon (3/15)

Altars:
Pakellas


Innate Abilities, Weirdness & Mutations

You do not eat or drink.
Your flesh is vulnerable to fire.
You are immune to poison.
Your flesh is cold resistant.
You are immune to negative energy.
You are immune to unholy pain and torment.
You can survive without breathing.


Message History

The orc wizard burns you.
You barely miss the orc wizard.
The orc wizard is moderately wounded.
The orc wizard hits you with a dagger.
The orc wizard hits you but does no damage.
The orc wizard mumbles some strange words.
The orc wizard seems to speed up.
You barely miss the orc wizard.
The orc wizard is moderately wounded.
The orc wizard hits you with a dagger. The orc wizard closely misses you.
You hit the orc wizard.
The orc wizard is heavily wounded.
The orc wizard points at you and mumbles some strange words.
The puff of flame hits you! The fire burns you terribly!
The orc wizard casts a cantrip, but nothing happens.
The orc wizard hits you but does no damage.
The orc wizard casts a spell at you. The magic dart hits you!
You die...
Pakellas says: That's one more possible approach eliminated.

#.## #....###'###..........!...
##.# ##.#..# #.# #..............
##..###.....###.###..............
....(....##.+.._###..............
..(......##.###.###.##..#........
.........#..# #.# #.#..##........
............###'###.÷.###........
.).......#...(...o...####........
##########......@>.....#######...
#......o......#######...
##......................
##...........#######...
#######.....# #>.. ####### #...
#... #... ##..


You could see 2 orc wizards.

Vanquished Creatures
  2 adders (D:2)
  A gnoll (D:1)
  2 worms (D:2)
  A dart slug (D:1)
  2 orcs (D:3)
  3 bats
  A giant cockroach (D:3)
  5 goblins
  8 hobgoblins
  4 jackals
  3 kobolds
  A ball python (D:1)
  6 giant newts
  4 rats
43 creatures vanquished.

Notes
Turn   | Place    | Note
--------------------------------------------------------------
     0 | D:1      | Alarkh the Mummy Skald began the quest for the Orb.
     0 | D:1      | Reached XP level 1. HP: 16/16 MP: 3/3
   231 | D:1      | Reached skill level 2 in Polearms
   267 | D:1      | Reached XP level 2. HP: 22/22 MP: 0/5
   544 | D:1      | Reached XP level 3. HP: 27/27 MP: 3/6
   614 | D:2      | Reached skill level 3 in Polearms
   956 | D:2      | Found an oddly glowing altar of Pakellas.
  1242 | D:2      | Became a worshipper of Pakellas the Inventive
  1495 | D:3      | Reached XP level 4. HP: 19/33 MP: 0/7
  1976 | D:2      | Killed from afar by an orc wizard

Skill      XL: |  1  2  3 |
---------------+----------+-----
Polearms       | 2 3 |  3.7
Fighting       | |  2.0
Armour         | |  0.7
Dodging        | |  0.7
Spellcasting   | |  2.0
Charms         | |  2.4

Action                   |  1- 3 |  4- 6 || total
-------------------------+-------+-------++-------
Melee: Spear             |   134 |    29 ||   163
 Cast: Infusion          |    25 |     1 ||    26
  Use: Scroll            |     3 |       ||     3
Armor: Leather armour    |    26 |     5 ||    31
Dodge: Dodged            |    54 |    14 ||    68
